 Dungeon Crawl Stone Soup version 0.26-a0-53-g45f243fec8 (webtiles) character file.

Game seed: 13490252636034167215

696 MarredHen the Stinger (level 7, -4/51 HPs)
             Began as a Gnoll Venom Mage on June 7, 2020.
             Was a Plaything of Xom.
             Shot with an arrow by a centaur (17 damage)
             ... summoned by Xom
             ... on level 5 of the Dungeon.
             The game lasted 00:18:45 (4742 turns).

MarredHen the Stinger (Gnoll Venom Mage)            Turns: 4742, Time: 00:18:46

Health: -4/51      AC:  3    Str: 14      XL:     7   Next: 64%
Magic:  9/15       EV: 15    Int: 17 (18) God:    Xom [......]
Gold:   239        SH:  0    Dex: 15      Spells: 13/17 levels left

rFire    . . .     SeeInvis .   m - +3 flail
rCold    . . .     Gourm    .   (no shield)
rNeg     . . .     Faith    .   a - +1 robe
rPois    .         Spirit   .   (no helmet)
rElec    .         Reflect  .   (no cloak)
rCorr    .         Harm     .   (no gloves)
MR       +....                  (no boots)
Stlth    +++.......             (no amulet)
HPRegen  0.17/turn              (no ring)
MPRegen  0.14/turn              (no ring)

@: hasted, very quick
A: distributed training, fangs 1, deterioration 1, magic resistance 1, strong 1,
MP-powered wands, strong nose
a: Renounce Religion


You were on level 5 of the Dungeon.
You worshipped Xom.
You were a very special plaything of Xom.
You were not hungry.

You visited 1 branch of the dungeon, and saw 5 of its levels.

You collected 239 gold pieces.

Inventory:

Hand Weapons
 m - a +3 flail (weapon)
Armour
 a - a +1 robe (worn)
Scrolls
 k - a scroll of enchant armour
 p - a scroll of identify
Potions
 b - a potion of cancellation
 d - a potion of lignification {unknown}
 e - a potion of degeneration {unknown}
 f - a potion of brilliance
 g - 2 potions of flight
 j - 2 potions of ambrosia
 l - a potion of magic {unknown}
Comestibles
 c - 2 rations
 o - a chunk of flesh


   Skills:
 + Level 2.5 Fighting
 + Level 2.5 Short Blades
 + Level 2.5 Long Blades
 + Level 2.5 Axes
 + Level 2.5 Maces & Flails
 + Level 2.5 Polearms
 + Level 2.5 Staves
 + Level 2.5 Slings
 + Level 2.5 Bows
 + Level 2.5 Crossbows
 + Level 2.5 Throwing
 + Level 2.5 Armour
 + Level 5.3 Dodging
 + Level 4.9 Stealth
 + Level 2.5 Shields
 + Level 2.5 Unarmed Combat
 + Level 5.6 Spellcasting
 + Level 2.1 Conjurations
 + Level 2.1 Hexes
 + Level 2.1 Charms
 + Level 2.1 Summonings
 + Level 2.1 Necromancy
 + Level 2.1 Translocations
 + Level 3.0 Transmutations
 + Level 2.1 Fire Magic
 + Level 2.1 Ice Magic
 + Level 2.1 Air Magic
 + Level 2.1 Earth Magic
 + Level 5.8 Poison Magic
 + Level 2.8 Invocations
 + Level 2.5 Evocations


You had 13 spell levels left.
You knew the following spells:

 Your Spells              Type           Power        Failure   Level  Hunger
a - Sting                 Tmut/Pois      ###.         2%          1    None
b - Poisonous Vapours     Pois/Air       ###...       3%          2    #......
c - Animate Skeleton      Necr           N/A          5%          1    None

Your spell library contained the following spells:

 Spells                   Type           Power        Failure   Level  Hunger
 Apportation              Tloc           ##....       5%          1    None
 Corona                   Hex            ##.....      5%          1    None
 Summon Small Mammal      Summ           ##..         5%          1    None
 Ignite Poison            Fire/Tmut/Pois ###.....     9%          3    ##.....
 Mephitic Cloud           Conj/Pois/Air  ###.....     10%         3    ##.....
 Olgreb's Toxic Radiance  Pois           ###.....     12%         4    ####...


Dungeon Overview and Level Annotations

Branches:
Dungeon (5/15)
 Temple: D:4-7

Altars:
Uskayaw
Xom


Innate Abilities, Weirdness & Mutations

Your experience applies equally to all skills.
You have very sharp teeth.
Your uncanny sense of smell can sniff out nearby items.
Your body sometimes deteriorates upon taking damage.
You are resistant to hostile enchantments. (MR+)
Your muscles are strong. (Str +2)
You expend magic power (3 MP) to strengthen your wands.


Message History

Your magical essence no longer links to wands of the dungeon.
You feel yourself wasting away.
You feel your magical essence link to the dungeon's wands.
Xom is highly amused!
You feel stronger.
You feel resistant to hostile enchantments.
Xom thinks this is hilarious!
The centaur hits you. The worker ant misses you.
It was a potion of haste.
You feel yourself speed up. The centaur closely misses you.
The worker ant bites you. The centaur hits you. The centaur hits you.
* * * LOW HITPOINT WARNING * * *
Your body deteriorates!
You feel dopey.
Things that are here:
a stone; a scorpion corpse The centaur wields a +0 shortbow.
The centaur shoots an arrow.
The arrow misses you.
The arrow disappears in a puff of smoke!
The centaur shoots an arrow.
The arrow hits you!
You die...

..# ### ####.###..
#........ #.#####
#.......# |.##.#
#.......#####....#
#.................
#........##...!†..
#.......## #......
##@......#####.....
#..(.)(.......(..).
#..#ac###..).......#
....##)##...####.#..##
#######5#..### #.....#
########.((#.# ...##.#
#...#....##..#####.#..#
.#
#.......>......(...#..#
.#
#.................##..#
.#


You could see a centaur (summoned), a worker ant (summoned) and a shadow imp
(summoned).

Vanquished Creatures
  An ogre (D:4)
  3 scorpions
  A centaur zombie (D:3)
  An orc priest (D:4)
  A centaur skeleton (D:4)
  An iguana (D:4)
  3 worker ants
  7 adders
  4 gnolls (D:5)
  2 howler monkey skeletons (D:4)
  An ooze (D:4)
  An adder zombie (D:5)
  6 worms (D:2)
  3 dart slugs
  4 leopard geckos
  11 orcs
  10 bats
  A giant cockroach (D:4)
  13 goblins
  9 hobgoblins
  5 jackals
  A quokka (D:3)
  A ball python skeleton (D:4)
  7 frilled lizards
  6 kobolds
  A leopard gecko zombie (D:5)
  A quokka skeleton (D:4)
  3 rats
108 creatures vanquished.

Vanquished Creatures (collateral kills)
  A worker ant (D:4)
  An adder (D:4)
  2 orcs (D:4)
  A giant cockroach (D:4)
  A quokka (D:4)
6 creatures vanquished.

Grand Total: 114 creatures vanquished

Notes
Turn   | Place    | Note
-------+----------+-------------------------------------------
     0 | D:1      | MarredHen the Gnoll Venom Mage began the quest for the Orb.
     0 | D:1      | Reached XP level 1. HP: 13/13 MP: 6/6
   252 | D:1      | Reached XP level 2. HP: 19/19 MP: 2/7
   890 | D:1      | Reached XP level 3. HP: 25/25 MP: 7/9
   923 | D:1      | Reached skill level 5 in Spellcasting
  1214 | D:2      | Reached skill level 1 in Invocations
  1248 | D:2      | Reached skill level 1 in Fighting
  1248 | D:2      | Reached skill level 1 in Short Blades
  1248 | D:2      | Reached skill level 1 in Long Blades
  1248 | D:2      | Reached skill level 1 in Axes
  1248 | D:2      | Reached skill level 1 in Maces & Flails
  1248 | D:2      | Reached skill level 1 in Polearms
  1248 | D:2      | Reached skill level 1 in Staves
  1248 | D:2      | Reached skill level 1 in Slings
  1248 | D:2      | Reached skill level 1 in Bows
  1248 | D:2      | Reached skill level 1 in Crossbows
  1248 | D:2      | Reached skill level 1 in Throwing
  1248 | D:2      | Reached skill level 1 in Armour
  1248 | D:2      | Reached skill level 1 in Shields
  1248 | D:2      | Reached skill level 1 in Unarmed Combat
  1248 | D:2      | Reached skill level 1 in Evocations
  1248 | D:2      | Reached XP level 4. HP: 15/32 MP: 1/11
  2106 | D:2      | Reached skill level 1 in Conjurations
  2106 | D:2      | Reached skill level 1 in Hexes
  2106 | D:2      | Reached skill level 1 in Charms
  2106 | D:2      | Reached skill level 1 in Summonings
  2106 | D:2      | Reached skill level 1 in Necromancy
  2106 | D:2      | Reached skill level 1 in Translocations
  2106 | D:2      | Reached skill level 1 in Fire Magic
  2106 | D:2      | Reached skill level 1 in Ice Magic
  2106 | D:2      | Reached skill level 1 in Air Magic
  2106 | D:2      | Reached skill level 1 in Earth Magic
  2518 | D:2      | Found a shimmering altar of Xom.
  2518 | D:2      | Found a hide-covered altar of Uskayaw.
  2529 | D:2      | Became a worshipper of Xom of Chaos
  2643 | D:3      | Learned a level 2 spell: Poisonous Vapours
  2728 | D:3      | Reached XP level 5. HP: 37/37 MP: 10/12
  3536 | D:4      | Learned a level 1 spell: Animate Skeleton
  3639 | D:4      | Noticed an ogre
  3640 | D:4      | XOM: summons 3 friendly demons
  3647 | D:4      | Killed an ogre
  3647 | D:4      | Reached XP level 6. HP: 44/44 MP: 1/13
  3787 | D:4      | Reached skill level 5 in Dodging
  3889 | D:4      | XOM: 4-stop teleportation journey
  4214 | D:4      | Reached XP level 7. HP: 44/50 MP: 10/15
  4300 | D:4      | XOM: give mutations
  4300 | D:4      | Gained mutation: You expend magic power (3 MP) to
                  | strengthen your wands. [Xom's mischief]
  4300 | D:4      | Gained mutation: You are dopey. (Int -2) [Xom's mischief]
  4404 | D:4      | XOM: summons 1 hostile demon
  4470 | D:4      | XOM: stat loss: -1 Dex (14/15)
  4487 | D:5      | Entered Level 5 of the Dungeon
  4500 | D:5      | XOM: enchant monster (bad)
  4663 | D:5      | XOM: confusion
  4737 | D:5      | XOM: summons 3 hostile shadow creatures
  4738 | D:5      | Lost mutation: You are dopey. (Int -2) [potion of mutation]
  4738 | D:5      | Lost mutation: You expend magic power (3 MP) to strengthen
                  | your wands. [potion of mutation]
  4738 | D:5      | Gained mutation: Your body sometimes deteriorates upon
                  | taking damage. [potion of mutation]
  4738 | D:5      | Gained mutation: You expend magic power (3 MP) to
                  | strengthen your wands. [potion of mutation]
  4738 | D:5      | Gained mutation: Your muscles are strong. (Str +2) [potion
                  | of mutation]
  4738 | D:5      | Gained mutation: You are resistant to hostile enchantments.
                  | (MR+) [potion of mutation]
  4742 | D:5      | Shot with an arrow by a centaur

Illustrated notes

Levels and vault maps discovered:
D:1:      giann_wishing_wells, layout_loops_ring
D:2:      layout_basic, gammafunk_temple_overflow_statue
D:3:      layout_basic
D:4:      layout_gridville, corexii_item_surrounded_by_moat
D:5:      layout_rooms, first_ration

Skill      XL: |  1  2  3  4  5  6  7 |
---------------+----------------------+-----
Transmutations | 2 3 |  3.0
Spellcasting   | 5 |  5.6
Invocations    | 1 2 |  2.8
Fighting       | 1 2 |  2.5
Short Blades   | 1 2 |  2.5
Long Blades    | 1 2 |  2.5
Axes           | 1 2 |  2.5
Maces & Flails | 1 2 |  2.5
Polearms       | 1 2 |  2.5
Staves         | 1 2 |  2.5
Slings         | 1 2 |  2.5
Bows           | 1 2 |  2.5
Crossbows      | 1 2 |  2.5
Throwing       | 1 2 |  2.5
Armour         | 1 2 |  2.5
Shields        | 1 2 |  2.5
Unarmed Combat | 1 2 |  2.5
Evocations     | 1 2 |  2.5
Conjurations   | 1 2 |  2.1
Hexes          | 1 2 |  2.1
Charms         | 1 2 |  2.1
Summonings     | 1 2 |  2.1
Necromancy     | 1 2 |  2.1
Translocations | 1 2 |  2.1
Fire Magic     | 1 2 |  2.1
Ice Magic      | 1 2 |  2.1
Air Magic      | 1 2 |  2.1
Earth Magic    | 1 2 |  2.1
Dodging        | 5 |  5.3
Stealth        | |  4.9
Poison Magic   | |  5.8

Action                   |  1- 3 |  4- 6 |  7- 9 || total
-------------------------+-------+-------+-------++-------
Melee: Dagger            |     1 |     2 |       ||     3
       Flail             |       |    56 |    24 ||    80
       Bite              |       |     5 |       ||     5
       Punch             |       |     1 |       ||     1
 Cast: Sting             |    65 |    82 |     1 ||   148
       Poisonous Vapours |       |    44 |    16 ||    60
       Animate Skeleton  |       |     4 |     1 ||     5
  Use: Scroll            |     2 |     7 |       ||     9
       Potion            |       |       |     5 ||     5
 Stab: Distracted        |       |       |     1 ||     1
  Eat: Ration            |     1 |     2 |       ||     3
       Chunk             |       |     2 |       ||     2
Armor: Robe              |     4 |    14 |     6 ||    24
Dodge: Dodged            |    22 |    81 |    35 ||   138

Table legend:
 A = Non-vault XP
 B = Vault XP
 C = Vault XP percentage of total XP
 D = Non-vault monster count
 E = Vault monster count
 F = Vault count percentage of total count
                 A         B        C        D         E       F
            +---------+---------+-------+---------+---------+-------
      Total |     995 |       0 |   0.0 |     114 |       0 |   0.0
            +---------+---------+-------+---------+---------+-------
        D:1 |      42 |       0 |   0.0 |      26 |       0 |   0.0
        D:2 |     116 |       0 |   0.0 |      26 |       0 |   0.0
        D:3 |      91 |       0 |   0.0 |      24 |       0 |   0.0
        D:4 |     482 |       0 |   0.0 |      27 |       0 |   0.0
        D:5 |     264 |       0 |   0.0 |      11 |       0 |   0.0
            +---------+---------+-------+---------+---------+-------
